 Dungeon Crawl Stone Soup version 0.30.0 (webtiles) character file.

Game seed: 17204592580700808391

65 PurpleRed the Magician (level 3, 0/22 HPs)
             Began as a Deep Elf Chaos Knight on Sept 1, 2023.
             Was a Plaything of Xom.
             Succumbed to an adder's poison
             ... on level 2 of the Dungeon.
             The game lasted 00:05:15 (679 turns).

PurpleRed the Magician (Deep Elf Chaos Knight)       Turns: 679, Time: 00:05:15

Health: 0/22       AC:  6    Str:  9    XL:     3   Next: 94%
Magic:  13/13      EV: 12    Int: 18    God:    Xom [..*...]
Gold:   71         SH:  0    Dex: 14    Spells: 15/15 levels left

rFire   . . .        a - +0 short sword (chaos)
rCold   . . .        (no shield)
rNeg    . . .        b - +2 leather armour
rPois   .            (no helmet)
rElec   .            (no cloak)
rCorr   .            (no gloves)
SInv    .            f - +0 pair of boots
Will    .....        (no amulet)
Stlth   +            (no ring)
HPRegen 0.23/turn    (no ring)
MPRegen 0.13/turn

%: no passive effects
@: lethally poisoned (0 -> -1)
A: no striking features
a: Renounce Religion


You were on level 2 of the Dungeon.
You worshipped Xom.
You were a toy of Xom.
You visited 1 branch of the dungeon, and saw 2 of its levels.

You collected 71 gold pieces.

Inventory:

Hand Weapons
 a - a +0 short sword of chaos (weapon)
Armour
 b - a +2 leather armour (worn)
 f - a +0 pair of boots (worn)
Scrolls
 g - a scroll of teleportation
 i - a scroll of immolation {unknown}
Miscellaneous
 c - a piece from Xom's chessboard (12/15) (quivered)


   Skills:
 - Level 2.4 Fighting
 - Level 3.0 Short Blades
 - Level 0.8 Armour
 - Level 2.4 Dodging
 + Level 6.8 Spellcasting
 + Level 5.6 Conjurations


You had 15 spell levels left.
You didn't know any spells.
Your spell library contained the following spells:

 Spells                   Type           Power      Damage    Failure   Level
 Sublimation of Blood     Necr           6%         N/A       22%         2
 Wereblood                Tmut           6%         N/A       22%         2
 Summon Hydra             Summ           3%         N/A       100%        7


Dungeon Overview and Level Annotations

Branches:
Dungeon (2/15)

Altars:

Shops:
D:1 =


Message History

You miss the adder.
The adder is moderately wounded.
The frilled lizard barely misses you. The adder closely misses you.
You barely miss the adder.
The adder is moderately wounded.
The adder closely misses you.
The frilled lizard bites you but does no damage.
You barely miss the adder.
The adder is moderately wounded.
The adder bites you.
* * * LOW HITPOINT WARNING * * *
You are lethally poisoned!
The adder poisons you!
You closely miss the adder.
The adder is moderately wounded.
* * * LOW HITPOINT WARNING * * *
You feel sick.
The frilled lizard bites you but does no damage.
The adder bites you but does no damage.
It was a potion of cancellation.
You feel magically purged.
* * * LOW HITPOINT WARNING * * *
You feel sick. The frilled lizard closely misses you.
The adder bites you but does no damage.
As you read the scroll labelled DUEROA RIOG, it crumbles to dust.
The scroll dissolves into smoke.
It was a scroll of fog.
* * * LOW HITPOINT WARNING * * *
You feel sick. The adder bites you but does no damage.
The frilled lizard closely misses you. The adder barely misses you.
As you read the scroll labelled ULEBYGG ZUWIP, it crumbles to dust.
It is a scroll of identify.
g - a scroll of teleportation
* * * LOW HITPOINT WARNING * * *
You feel sick. The frilled lizard bites you.
* * * LOW HITPOINT WARNING * * *
The adder closely misses you.
As you read the scroll labelled GUKIOH BINEAME, it crumbles to dust.
You hear a loud clanging noise!
It was a scroll of noise.
You die...
Xom chuckles heartily!

....... .......
...[....#........
.................
.......................
.............?.........
##.....................
#..........§§§§§.......
#..........§§lS§...#
..#..........§§@#....# #+
..............§§§#g...##...
.............#####.........
#.. # .........).....#
#......... ...##
...............# #.l.......
.....
......b........###.........
.....
..........b..#.............
.....
...................>.......
.....
..........######...##......
#...


You could see an adder and a frilled lizard.

Vanquished Creatures
  3 adders (D:2)
  A bat (D:2)
  A giant cockroach (D:1)
  A goblin (D:2)
  4 hobgoblins
  2 jackals (D:2)
  A quokka (D:1)
  2 ball pythons (D:1)
  2 frilled lizards (D:1)
  6 kobolds
  6 rats (D:1)
29 creatures vanquished.

Notes
Turn   | Place    | Note
-------+----------+-------------------------------------------
     0 | D:1      | PurpleRed the Deep Elf Chaos Knight began the quest for the
                  | Orb.
     0 | D:1      | Reached XP level 1. HP: 13/13 MP: 3/3
    26 | D:1      | Found Urionalu's Jewellery Shop.
    43 | D:1      | XOM: potion effect (experience)
    43 | D:1      | Reached skill level 6 in Spellcasting
    43 | D:1      | Reached skill level 5 in Conjurations
    43 | D:1      | Reached XP level 2. HP: 18/18 MP: 3/11
    47 | D:1      | XOM: silly message
   115 | D:1      | XOM: silly message
   254 | D:1      | XOM: noise
   281 | D:2      | Found a faded altar of an unknown god.
   287 | D:2      | XOM: silly message
   339 | D:1      | Reached XP level 3. HP: 21/22 MP: 13/13
   369 | D:1      | XOM: noise
   510 | D:2      | XOM: smoke on damage
   634 | D:2      | XOM: butterfly on damage
   678 | D:2      | HP: 1/22 [frilled lizard (1)]
   679 | D:2      | Succumbed to an adder's poison

Illustrated notes

Levels and vault maps discovered:
D:1:      evilmike_arrival_crescent, layout_basic, serial_shops,
          nicolae_shop_tiny_glass, minmay_tromino_v4_c
D:2:      layout_basic, shapermc_ecumenical_altar_mp_ritualfount,
          minmay_misc_feat_columns, kennysheep_generic_room_14

Skill      XL: |  1 |
---------------+----+-----
Spellcasting   | 6 |  6.8
Conjurations   | 5 |  5.6
Fighting       | |  2.4
Short Blades   | |  3.0
Armour         | |  0.8
Dodging        | |  2.4

Action                     || total
---------------------------++-------
  Melee: Short sword       ||   118
         Punch             ||     2
  Evoke: Piece from Xom's  ||     3
    Use: Scroll            ||     3
         Potion            ||     1
   Stab: Sleeping          ||     1
 Armour: Leather armour    ||    46
  Dodge: Dodged            ||    90
